 Dungeon Sprint DCSS version 0.19-a0-1861-g35def1e (webtiles) character file.

3526 poirepourri the Earth Mage (level 10, -3/51 HPs)
             Began as a Gargoyle Earth Elementalist on Oct 12, 2016.
             Was a Believer of Vehumet.
             Splashed by an oklob plant's acid (12 damage)
             ... in the Dungeon (Sprint I: "Red Sonja").
             The game lasted 00:05:03 (2467 turns).

poirepourri the Earth Mage (GrEE)                   Turns: 2467, Time: 00:05:08

Health: -3/51      AC: 11    Str: 11    XL:     10   Next: 8%
Magic:  20/29      EV:  9    Int: 19    God:    Vehumet [**....]
Gold:   686        SH:  0    Dex: 11    Spells: 6 memorised, 23 levels left

rFire  . . .     SeeInvis .     a - 12 stones
rCold  . . .     Gourm    .     m - +2 scale mail {rPois}
rNeg   + . .     Faith    .     (no shield)
rPois  ∞         Spirit   .     l - +0 hat
rElec  +         Dismiss  .     (no cloak)
rCorr  .         Reflect  .     (no gloves)
MR     .....     Harm     .     (no boots)
Stlth  .......... NoTele   +    (no amulet)
                                (no ring)
                                (no ring)

@: corroded
A: negative energy resistance 1, electricity resistance, unbreathing,
petrification resistance, rot immunity, AC +7
a: Renounce Religion


You were in the Dungeon.
You worshipped Vehumet.
Vehumet was pleased with you.
You were not hungry.

You visited 1 branch You collected 964 gold pieces.
You spent 278 gold pieces at shops.

Inventory:

Missiles
 a - 12 stones (in hand)
Armour
 l - a +0 hat (worn)
 m - a +2 scale mail of poison resistance (worn)
Wands
 d - a wand of lightning (9/15)
Potions
 b - a potion of lignification {unknown}
 e - 4 potions of curing
 g - a potion of haste
 h - 2 potions of magic
 i - 3 potions of berserk rage
 n - a potion of resistance {unknown}
Books
 k - a book of Geomancy

   Spells                             Type                      Level
   a - Sandblast                      Earth                        1
   b - Passwall                       Transmutation/Earth          2
   c - Stone Arrow                    Conjuration/Earth            3
   d - Petrify                        Transmutation/Earth          4
   e - Lee's Rapid Deconstruction     Earth                        5
Comestibles
 j - a beef jerky


   Skills:
 - Level 0.9 Fighting
 - Level 0.4 Armour
 + Level 1.8 Dodging
 - Level 2.1 Stealth
 * Level 15.3 Spellcasting
 + Level 4.5 Conjurations
 - Level 0.7 Transmutations
 + Level 16.3 Earth Magic


You had 23 spell levels left.
You knew the following spells:

 Your Spells              Type           Power        Failure   Level  Hunger
a - Sandblast             Erth           ######       1%          1    None
b - Passwall              Tmut/Erth      #####.....   1%          2    None
c - Stone Arrow           Conj/Erth      ######       1%          3    None
d - Petrify               Tmut/Erth      #####...     10%         4    None
e - Lee's Rapid Deconstr  Erth           ######....   1%          5    ###....
f - Magic Dart            Conj           ####         6%          1    None


Dungeon Overview and Level Annotations

Branches:
Dungeon (1/1)

Altars:
Cheibriados
Dithmenos
Elyvilon
Fedhas
Gozag
Hepliaklqana
Kikubaaqudgha
Makhleb
Nemelex Xobeh
Okawaru
Qazlal
Ru
Sif Muna
Trog
Uskayaw
Vehumet
Xom
Yredelemnul
Zin
The Shining One
Jiyva
Lugonu

Shops:
D *[[

Annotations:
D exclusion: oklob plant


Innate Abilities, Weirdness & Mutations

You are resistant to torment.
Your stone body is resilient. (AC +7)
You are immune to poison.
You resist negative energy. (rN+)
You are resistant to electric shocks. (rElec)
You can survive without breathing.
You are immune to petrification.
You are immune to rotting.


Message History

Aiming: Stone Arrow
Press: ? - help, Shift-Dir - straight line, f/p - oklob plant
Aim: an oklob plant (moderately damaged)
The stone arrow hits the oklob plant.
The oklob plant is heavily damaged.
The oklob plant spits acid at you. The splash of acid hits you!
The acid corrodes you!
You are splashed with acid!
The acid burns!
Casting: Stone Arrow
Confirm with . or Enter, or press ? or * to list all spells.
Aiming: Stone Arrow
Press: ? - help, Shift-Dir - straight line, f/p - oklob plant
Aim: an oklob plant (heavily damaged)
The stone arrow hits the oklob plant.
The oklob plant is almost destroyed.
The oklob plant spits acid at you. The splash of acid hits you!
* * * LOW HITPOINT WARNING * * *
You are splashed with acid!
The acid burns!
You die...

#################****************
.)..#..'..#__#..+,,,*,,*,,,,+,,,,
.#..').#..'..'..#,,,**+*,****,,,,
###'#####'#__####,,,+,,*,*,***,,,
##..#[.)#[####§§####*,,+,*+*,***+
_####..##§#§≈§§§#..#*+****,,,*,*,
____##'#..'§≈§§§@†.#,,,,,*,,,***,
.∩...'(.._#≈≈§§.#..#,,,,,+,,,,,**
..__##_.#'##§#####§#**,,,*,,,,,*,
____###'#.#(...###P§$*,,,***++**,
#######.####(###.###$#,,***,,***,
.....'...'())..'.∩#*§#,,****,,***
++####...##########*§#*+*,,*,,*,*
,,,*###.###,,,,,,,**,**,*,,,,,,,,
,,,,#.#'#.#,,,,,,,,+,****,,,,,,,,


You could see an oklob plant.

Vanquished Creatures
  2 centaur warriors (D)
  Sonja (D)
  A deep troll (D)
  A hornet (D)
  A slime creature (D)
  Sigmund (D)
  2 redbacks (D)
  A yak (D)
  An ogre (D)
  A jelly (D)
  Ijyb (D)
  2 ballistomycetes (D)
15 creatures vanquished.

Vanquished Creatures (others)
  A gargoyle (D)
  2 ballistomycete spores (D)
3 creatures vanquished.

Grand Total: 18 creatures vanquished

Notes
Turn   | Place    | Note
-------+----------+-------------------------------------------
     0 | D        | poirepourri the Gargoyle Earth Elementalist began the quest for the Orb.
     0 | D        | Reached XP level 1. HP: 10/10 MP: 3/3
     2 | D        | Noticed Ijyb
     8 | D        | Killed Ijyb
     8 | D        | Reached skill level 6 in Earth Magic
     8 | D        | Reached XP level 2. HP: 15/15 MP: 2/7
     8 | D        | Reached XP level 3. HP: 19/19 MP: 2/8
    16 | D        | Learned a level 2 spell: Passwall
    20 | D        | Learned a level 3 spell: Stone Arrow
   172 | D        | Noticed an ogre
   175 | D        | Killed an ogre
   175 | D        | Reached skill level 8 in Earth Magic
   175 | D        | Reached XP level 4. HP: 24/24 MP: 1/12
   269 | D        | Noticed Sigmund
   275 | D        | Killed Sigmund
   275 | D        | Reached skill level 11 in Earth Magic
   275 | D        | Reached XP level 5. HP: 23/28 MP: 0/15
   275 | D        | Reached XP level 6. HP: 27/32 MP: 0/17
   468 | D        | Killed a gargoyle
   500 | D        | Found a deep blue altar of Sif Muna.
   502 | D        | Found a radiant altar of Vehumet.
   581 | D        | Became a worshipper of Vehumet
   598 | D        | Found Barha's Armour Emporium.
   598 | D        | Found an ancient bone altar of Kikubaaqudgha.
   598 | D        | Found a hazy altar of Hepliaklqana.
   598 | D        | Found a stormy altar of Qazlal.
   598 | D        | Found a hide-covered altar of Uskayaw.
   598 | D        | Found a blossoming altar of Fedhas.
   598 | D        | Found a bloodstained altar of Trog.
   598 | D        | Found an iron altar of Okawaru.
   598 | D        | Found a basalt altar of Yredelemnul.
   598 | D        | Found a glowing golden altar of the Shining One.
   598 | D        | Found a snail-covered altar of Cheibriados.
   598 | D        | Found a sacrificial altar of Ru.
   598 | D        | Found a glowing silver altar of Zin.
   598 | D        | Found a shadowy altar of Dithmenos.
   598 | D        | Found a white marble altar of Elyvilon.
   598 | D        | Noticed a yak
   604 | D        | Killed a yak
   604 | D        | Reached skill level 12 in Earth Magic
   604 | D        | Reached XP level 7. HP: 2/37 MP: 1/20
   891 | D        | Found an opulent altar of Gozag.
   892 | D        | Found a sparkling altar of Nemelex Xobeh.
   896 | D        | Bought a +0 hat for 48 gold pieces
   896 | D        | Bought a +2 scale mail of poison resistance for 216 gold pieces
   960 | D        | Found a burning altar of Makhleb.
   960 | D        | Found a shimmering altar of Xom.
   960 | D        | Noticed a slime creature
   965 | D        | Killed a slime creature
   965 | D        | Reached skill level 10 in Spellcasting
   965 | D        | Reached skill level 1 in Conjurations
   965 | D        | Reached skill level 13 in Earth Magic
  1094 | D        | Found a viscous altar of Jiyva.
  1094 | D        | Found a corrupted altar of Lugonu.
  1103 | D        | Noticed Sonja
  1108 | D        | Killed Sonja
  1108 | D        | Reached * piety under Vehumet
  1108 | D        | Offered knowledge of Magic Dart by Vehumet.
  1108 | D        | Reached skill level 14 in Earth Magic
  1108 | D        | Reached XP level 8. HP: 42/42 MP: 15/24
  1114 | D        | Learned a level 4 spell: Petrify
  1120 | D        | Learned a level 5 spell: Lee's Rapid Deconstruction
  1122 | D        | Learned a level 1 spell: Magic Dart
  1168 | D        | Found Plog's General Store.
  1188 | D        | Noticed a deep troll
  1195 | D        | Killed a deep troll
  1195 | D        | Reached XP level 9. HP: 12/46 MP: 5/26
  1435 | D        | Found Joerph's Armour Emporium.
  1464 | D        | Noticed a centaur warrior
  1469 | D        | Noticed a centaur warrior
  1478 | D        | Killed a centaur warrior
  1478 | D        | Reached skill level 15 in Earth Magic
  1482 | D        | Killed a centaur warrior
  1482 | D        | Offered knowledge of Throw Flame by Vehumet.
  1482 | D        | Reached ** piety under Vehumet
  1482 | D        | Reached skill level 16 in Earth Magic
  1719 | D        | Noticed a hornet
  1735 | D        | Killed a hornet
  1735 | D        | Reached skill level 15 in Spellcasting
  1989 | D        | Bought 12 stones for 14 gold pieces
  2354 | D        | Noticed an oklob plant
  2362 | D        | Reached XP level 10. HP: 26/51 MP: 7/29
  2362 | D        | Offered knowledge of Mephitic Cloud by Vehumet.
  2467 | D        | Splashed by an oklob plant's acid

Vault maps used:
D:        dungeon_sprint_1

Skill      XL: |  1  2  3  4  5  6  7  8  9 |
---------------+----------------------------+-----
Spellcasting   | 4 6 8 9 12 13 15 | 15.3
Earth Magic    | 6 8 11 12 14 16 | 16.3
Conjurations   | 2 4 |  4.5
Fighting       | |  0.9
Armour         | |  0.4
Dodging        | |  1.8
Stealth        | |  2.1
Transmutations | |  0.7

Action                   |  1- 3 |  4- 6 |  7- 9 | 10-12 || total
-------------------------+-------+-------+-------+-------++-------
 Cast: Sandblast         |     4 |     4 |    26 |       ||    34
       Stone Arrow       |     2 |    11 |    19 |     3 ||    35
       Lee's Rapid Decon |       |       |     4 |     1 ||     5
  Use: Potion            |     1 |       |     2 |       ||     3
       Scroll            |       |       |     4 |       ||     4
  Eat: Bread ration      |       |       |     1 |       ||     1
       Pizza             |       |       |     1 |       ||     1
Armor: Robe              |     2 |       |       |       ||     2
       Scale mail        |       |       |    13 |       ||    13
Dodge: Dodged            |     2 |     4 |    15 |       ||    21
